 Dungeon Crawl Stone Soup version 0.31-a0-202-g547052bce9 (webtiles) character file.

Game seed: 5638145173113273898

182 qw the Skirmisher (level 5, 0/29 HPs)
             Began as a Deep Elf Hunter on June 26, 2023.
             Slain by Terence
             ... wielding a +0 short sword
              (6 damage)
             ... on level 3 of the Dungeon.
             The game lasted 00:00:48 (1731 turns).

qw the Skirmisher (Deep Elf Hunter)                 Turns: 1731, Time: 00:00:48

Health: 0/29       AC:  3    Str: 10    XL:     5   Next: 34%
Magic:  7/7        EV: 12    Int: 14    God:
Gold:   106        SH:  0    Dex: 18    Spells: 4/4 levels left

rFire   . . .        Y - +0 shortbow
rCold   . . .        (shield currently unavailable)
rNeg    . . .        c - +0 leather armour
rPois   .            (no helmet)
rElec   .            (no cloak)
rCorr   .            (no gloves)
SInv    .            (no boots)
Will    .....        (no amulet)
Stlth   ++           (no ring)
HPRegen 0.24/turn    (no ring)
MPRegen 0.10/turn

%: no passive effects
@: about to teleport
A: no striking features
a: no special abilities


You were on level 3 of the Dungeon.
You visited 1 branch of the dungeon, and saw 3 of its levels.

You collected 106 gold pieces.


   Skills:
 - Level 1.5 Fighting
 + Level 8.8 Ranged Weapons
 - Level 2.4 Dodging
 - Level 1.2 Stealth


You had 4 spell levels left.
You didn't know any spells.
Your spell library was empty.

Inventory:

Hand Weapons
 Y - a +0 shortbow (weapon)
Armour
 c - a +0 leather armour (worn)
 e - a +0 ring mail
Scrolls
 a - a scroll of fear {unknown}
 g - 2 scrolls of teleportation
 h - a scroll of brand weapon {unknown}
 i - a scroll of poison {unknown}
Potions
 b - 2 potions of curing {unknown}
 d - 2 potions of might {unknown}
 f - a potion of resistance {unknown}
 j - a potion of enlightenment {unknown}
 k - a potion of heal wounds {unknown}

Dungeon Overview and Level Annotations

Branches:
Dungeon (3/15)

Altars:

Annotations:
D:3 Terence


Message History

You shoot an arrow.
The arrow hits Terence but does no damage.
Terence misses you.
You shoot an arrow. The arrow closely misses Terence.
Terence hits you with a +0 short sword.
You shoot an arrow. The arrow hits Terence.
Terence is lightly wounded.
Terence hits you with a +0 short sword.
You shoot an arrow.
The arrow hits Terence but does no damage.
Terence is lightly wounded.
Terence hits you with a +0 short sword.
You shoot an arrow.
The arrow hits Terence but does no damage.
Terence is lightly wounded.
Terence hits you with a +0 short sword!
You shoot an arrow.
The arrow hits Terence but does no damage.
Terence is lightly wounded.
Terence closely misses you.
You shoot an arrow. The arrow hits Terence.
Terence is moderately wounded.
Terence barely misses you.
You shoot an arrow. The arrow hits Terence.
Terence is heavily wounded.
Terence barely misses you.
You shoot an arrow. The arrow closely misses Terence.
Terence completely misses you.
You shoot an arrow.
The arrow hits Terence but does no damage.
Terence is heavily wounded.
Terence hits you with a +0 short sword.
You shoot an arrow. The arrow hits Terence.
Terence is severely wounded.
Terence hits you with a +0 short sword.
1731 ||| READING 3 scrolls of teleportation.
As you read the scroll of teleportation, it crumbles to dust.
You feel strangely unstable. Terence hits you with a +0 short sword.
You die...

#..........
###.#######
#.# #.# #.#
#.# #.# #.#
#@#
#.@......
#.#######
###


You could see Terence.

Vanquished Creatures
  An orc priest (D:2)
  Jessica (D:3)
  6 adders
  A worm (D:2)
  4 dart slugs
  3 orcs (D:2)
  2 bats
  4 endoplasms
  2 giant cockroaches
  5 hobgoblins
  5 jackals
  2 quokkas (D:1)
  7 ball pythons
  3 frilled lizards
  7 goblins
  4 kobolds
  6 rats
63 creatures vanquished.

Notes
Turn   | Place    | Note
-------+----------+-------------------------------------------
     0 | D:1      | qw the Deep Elf Hunter began the quest for the Orb.
     0 | D:1      | Reached XP level 1. HP: 12/12 MP: 3/3
     0 | D:1      | 0 ||| qw: Version: 0.3-a-22-g0ed2b0b
     0 | D:1      | 0 ||| qw: Game counter: 5913
     0 | D:1      | 0 ||| qw: Melee chars always use a shield: true
     0 | D:1      | 0 ||| qw: God list: Okawaru
     0 | D:1      | 0 ||| qw: Allow faded altars: false
     0 | D:1      | 0 ||| qw: Do Orc after clearing Dungeon:15 true
     0 | D:1      | 0 ||| qw: Do second Lair branch before Depths: true
     0 | D:1      | 0 ||| qw: Lair rune preference: random
     0 | D:1      | 0 ||| qw: Goals: Normal
     0 | D:1      | 0 ||| PLANNING D:1-11
   102 | D:1      | Reached XP level 2. HP: 16/16 MP: 4/4
   117 | D:1      | Reached skill level 6 in Ranged Weapons
   348 | D:1      | Reached XP level 3. HP: 20/20 MP: 5/5
   476 | D:1      | 476 ||| FLEEEEING.
   477 | D:1      | 477 ||| FLEEEEING.
   536 | D:1      | 536 ||| READING scroll labelled SOZXYROABE.
   537 | D:1      | 537 ||| READING scroll labelled BIN GOPNODAFFU.
   540 | D:1      | 540 ||| DROPPING scroll of butterflies.
   608 | D:2      | Found a faded altar of an unknown god.
   624 | D:2      | Reached skill level 7 in Ranged Weapons
   628 | D:2      | HP: 5/20 [poisoned by an adder]
   844 | D:2      | 844 ||| FLEEEEING.
   845 | D:2      | 845 ||| FLEEEEING.
   846 | D:2      | 846 ||| FLEEEEING.
   847 | D:2      | 847 ||| FLEEEEING.
   848 | D:2      | 848 ||| FLEEEEING.
   849 | D:2      | 849 ||| FLEEEEING.
   850 | D:2      | 850 ||| FLEEEEING.
   851 | D:2      | 851 ||| FLEEEEING.
   852 | D:2      | 852 ||| FLEEEEING.
   853 | D:2      | 853 ||| FLEEEEING.
   854 | D:2      | 854 ||| FLEEEEING.
   855 | D:2      | 855 ||| FLEEEEING.
   863 | D:2      | Reached XP level 4. HP: 25/25 MP: 6/6
   892 | D:2      | Reached skill level 8 in Ranged Weapons
  1157 | D:2      | 1157 ||| READING scroll labelled FIQUTRA FOLIF.
  1158 | D:2      | 1158 ||| READING scroll labelled FECE YRPHARI.
  1159 | D:2      | 1159 ||| READING scroll labelled HEUSTR VUZIOVVEC.
  1283 | D:3      | Reached XP level 5. HP: 29/29 MP: 7/7
  1298 | D:3      | Noticed Jessica
  1299 | D:3      | Killed Jessica
  1718 | D:3      | Noticed Terence
  1730 | D:3      | HP: 6/29 [Terence/+0 short sword (4)]
  1731 | D:3      | 1731 ||| READING 3 scrolls of teleportation.
  1731 | D:3      | Slain by Terence

Levels and vault maps discovered:
D:1:      matt_arrival_diagonals, layout_rooms, st_stairs_7, minmay_cupped
D:2:      layout_basic, chequers_ecumenical_altar_island
D:3:      layout_basic, uniq_terence, uniq_jessica

Skill      XL: |  1  2  3  4 |
---------------+-------------+-----
Ranged Weapons | 6 7 8 |  8.8
Fighting       | |  1.5
Dodging        | |  2.4
Stealth        | |  1.2

Action                     |  1- 3 |  4- 6 || total
---------------------------+-------+-------++-------
   Fire: Shortbow          |   112 |    78 ||   190
    Use: Scroll            |     2 |     4 ||     6
 Armour: Leather armour    |     7 |     7 ||    14
  Dodge: Dodged            |    20 |    24 ||    44

Table legend:
 A = Non-vault XP
 B = Vault XP
 C = Vault XP percentage of total XP
 D = Non-vault monster count
 E = Vault monster count
 F = Vault count percentage of total count
                 A         B        C        D         E       F
            +---------+---------+-------+---------+---------+-------
      Total |     214 |      46 |  17.7 |      56 |       7 |  11.1
            +---------+---------+-------+---------+---------+-------
        D:1 |      40 |       9 |  18.4 |      22 |       6 |  21.4
        D:2 |     137 |       0 |   0.0 |      21 |       0 |   0.0
        D:3 |      37 |      37 |  50.0 |      13 |       1 |   7.1
            +---------+---------+-------+---------+---------+-------
